HBL
SALT LAKE CITY BUZZ @ TUCSON TARANTULAS
05/07/1997
 
TOP OF THE 1ST
Salt Lake City Buzz batting - Pitching for Tucson Tarantulas : LHP Mark Langston
Pitching: LHP Mark Langston
Batting: RHB Arquimedez Pozo 0-0: Ball
1-0: Bunt for hit to 3S - play at first, batter OUT! 3-4
Batting: RHB Emil Brown 0-0: Foul Ball, location: 2F
0-1: Ball
1-1: Foul Ball, location: 2F
1-2: Strikes out swinging
Batting: RHB Jerome Walton 0-0: Ball
1-0: DOUBLE (Groundball, 5L, EV 103.8 MPH)
Batting: RHB Dave Staton 0-0: Ball
1-0: Ball
2-0: Ball
3-0: Base on Balls
Batting: RHB Brian Johnson 0-0: Called Strike
0-1: Ball
1-1: Ball
2-1: Called Strike
2-2: Foul Ball, location: 2F
2-2: Strikes out swinging
Top of the 1st over - 0 runs, 1 hit, 0 errors, 2 left on base; Salt Lake City 0 - Tucson 0
BOTTOM OF THE 1ST
Tucson Tarantulas batting - Pitching for Salt Lake City Buzz : RHP Hideki Irabu
Pitching: RHP Hideki Irabu
Batting: RHB Barry Wesson 0-0: Ball
1-0: Foul Ball, location: 2F
1-1: Ball
2-1: Foul Ball, location: 2F
2-2: Fly out, F8 (Flyball, 8LD, EV 98.8 MPH)
Batting: SHB Manuel Lee 0-0: Swinging Strike
0-1: Ball
1-1: Ball
2-1: Ball
3-1: Base on Balls
Batting: SHB Bip Roberts 0-0: Ball
1-0: Called Strike
1-1: Ball
2-1: Ball
3-1: SINGLE (Line Drive, 34D, EV 106.9 MPH)
Manuel Lee to second
Batting: RHB Andres Galarraga 0-0: Called Strike
0-1: SINGLE (Flyball, 7S, EV 95.0 MPH)
Manuel Lee to third
Bip Roberts to second
Runner from 3rd tries for Home, SAFE, no throw by LF
Batting: SHB Mark Bellhorn 0-0: Fly out, F8 (Flyball, 8RS, EV 92.5 MPH)
Batting: RHB Jack Voigt 0-0: Called Strike
0-1: Foul Ball, location: 2F
0-2: Foul Ball, location: 2F
0-2: Strikes out looking
Bottom of the 1st over - 1 run, 2 hits, 0 errors, 2 left on base; Salt Lake City 0 - Tucson 1
TOP OF THE 2ND
Salt Lake City Buzz batting - Pitching for Tucson Tarantulas : LHP Mark Langston
Batting: RHB Jose Oliva 0-0: Ball
1-0: Ground out 5-3 (Groundball, 56, EV 100.0 MPH)
Batting: SHB Abraham O Nunez 0-0: Foul Ball, location: 2F
0-1: Ball
1-1: Foul Ball, location: 2F
1-2: Ball
2-2: Strikes out looking
Batting: RHB Charlie Greene 0-0: Called Strike
0-1: Fly out, F7 (Line Drive, 7, EV 86.3 MPH)
Top of the 2nd over - 0 runs, 0 hits, 0 errors, 0 left on base; Salt Lake City 0 - Tucson 1
BOTTOM OF THE 2ND
Tucson Tarantulas batting - Pitching for Salt Lake City Buzz : RHP Hideki Irabu
Batting: RHB Dave McCarty 0-0: Ball
1-0: Swinging Strike
1-1: Swinging Strike
1-2: Strikes out swinging
Batting: SHB Matt Walbeck 0-0: Ball
1-0: Ball
2-0: Called Strike
2-1: Swinging Strike
2-2: Strikes out swinging
Batting: RHB Ray Holbert 0-0: Ball
1-0: Called Strike
1-1: Called Strike
1-2: Foul Ball, location: 2F
1-2: Foul Ball, location: 2F
1-2: Ball
2-2: Foul Ball, location: 2F
2-2: Ball
3-2: Fly out, F9 (Flyball, 9S, EV 90.0 MPH)
Bottom of the 2nd over - 0 runs, 0 hits, 0 errors, 0 left on base; Salt Lake City 0 - Tucson 1
TOP OF THE 3RD
Salt Lake City Buzz batting - Pitching for Tucson Tarantulas : LHP Mark Langston
Batting: SHB Reggie B. Williams 0-0: Called Strike
0-1: Called Strike
0-2: Strikes out swinging
Batting: RHB Arquimedez Pozo 0-0: Called Strike
0-1: Swinging Strike
0-2: Ball
1-2: Foul Ball, location: 2F
1-2: Ball
2-2: Foul Ball, location: 2F
2-2: Ball
3-2: Base on Balls
Batting: RHB Emil Brown 0-0: Called Strike
0-1: Ball
1-1: Ball
2-1: Foul Ball, location: 2F
2-2: Ball
3-2: Foul Ball, location: 2F
3-2: Base on Balls
Arquimedez Pozo to second
Batting: RHB Jerome Walton 0-0: Fly out, F8 (Line Drive, 8RD, EV 90.0 MPH)
Batting: RHB Dave Staton 0-0: Swinging Strike
0-1: Ball
1-1: Foul Ball, location: 2F
1-2: Foul Ball, location: 2F
1-2: Strikes out swinging
Top of the 3rd over - 0 runs, 0 hits, 0 errors, 2 left on base; Salt Lake City 0 - Tucson 1
BOTTOM OF THE 3RD
Tucson Tarantulas batting - Pitching for Salt Lake City Buzz : RHP Hideki Irabu
Batting: RHB Barry Wesson 0-0: Ball
1-0: Ball
2-0: Ball
3-0: Called Strike
3-1: Base on Balls
Batting: SHB Manuel Lee 0-0: Swinging Strike
0-1: Ball
1-1: Ball
2-1: Swinging Strike
2-2: SINGLE (Flyball, 7S, EV 90.6 MPH)
Barry Wesson to second
Batting: SHB Bip Roberts 0-0: Ball
1-0: Swinging Strike
1-1: Ball
2-1: Fly out, F6 (Popup, P, EV 86.9 MPH)
Batting: RHB Andres Galarraga 0-0: Fly out, F7 (Flyball, 7, EV 90.0 MPH)
Batting: SHB Mark Bellhorn 0-0: Ball
1-0: Ball
2-0: Foul Ball, location: 2F
2-1: Foul Ball, location: 2F
2-2: Fly out, F8 (Line Drive, 8RD, EV 98.8 MPH)
Bottom of the 3rd over - 0 runs, 1 hit, 0 errors, 2 left on base; Salt Lake City 0 - Tucson 1
TOP OF THE 4TH
Salt Lake City Buzz batting - Pitching for Tucson Tarantulas : LHP Mark Langston
Batting: RHB Brian Johnson 0-0: Foul Ball, location: 2F
0-1: Foul Ball, location: 2F
0-2: Fly out, F9 (Flyball, 89XD, EV 91.9 MPH)
Batting: RHB Jose Oliva 0-0: Called Strike
0-1: Ball
1-1: Foul Ball, location: 2F
1-2: Foul Ball, location: 2F
1-2: Strikes out swinging
Batting: SHB Abraham O Nunez 0-0: Foul Ball, location: 2F
0-1: Foul Ball, location: 2F
0-2: Ball
1-2: Fly out, F7 (Flyball, 7, EV 98.1 MPH)
Top of the 4th over - 0 runs, 0 hits, 0 errors, 0 left on base; Salt Lake City 0 - Tucson 1
BOTTOM OF THE 4TH
Tucson Tarantulas batting - Pitching for Salt Lake City Buzz : RHP Hideki Irabu
Batting: RHB Jack Voigt 0-0: Called Strike
0-1: Called Strike
0-2: Foul Ball, location: 2F
0-2: Ball
1-2: Strikes out swinging
Batting: RHB Dave McCarty 0-0: Called Strike
0-1: Ball
1-1: Ball
2-1: Ground out 4-3 (Groundball, 4M, EV 85.6 MPH)
Batting: SHB Matt Walbeck 0-0: Ball
1-0: Called Strike
1-1: Ground out 4-3 (Groundball, 34D, EV 103.8 MPH)
Bottom of the 4th over - 0 runs, 0 hits, 0 errors, 0 left on base; Salt Lake City 0 - Tucson 1
TOP OF THE 5TH
Salt Lake City Buzz batting - Pitching for Tucson Tarantulas : LHP Mark Langston
Batting: RHB Charlie Greene 0-0: Called Strike
0-1: Foul Ball, location: 2F
0-2: Ball
1-2: Ball
2-2: Ball
3-2: Base on Balls
Batting: SHB Reggie B. Williams 0-0: Ball
1-0: Ball
2-0: Called Strike
2-1: SINGLE (Groundball, 6MD, EV 103.1 MPH)
Charlie Greene to second
Batting: RHB Arquimedez Pozo 0-0: Ball
1-0: Called Strike
1-1: SINGLE (Groundball, 34D, EV 95.6 MPH)
Charlie Greene to third
Reggie B. Williams to second
Batting: RHB Emil Brown 0-0: Foul Ball, location: 2F
0-1: Ball
1-1: Foul Ball, location: 2F
1-2: Ball
2-2: Foul Ball, location: 2F
2-2: Foul Ball, location: 2F
2-2: Ball
3-2: Strikes out swinging
Batting: RHB Jerome Walton 0-0: Called Strike
0-1: Ball
1-1: Foul Ball, location: 2F
1-2: Strikes out swinging
Batting: RHB Dave Staton 0-0: Ball
1-0: Ball
2-0: Ball
3-0: Called Strike
3-1: Base on Balls
Charlie Greene scores
Reggie B. Williams to third
Arquimedez Pozo to second
Batting: RHB Brian Johnson 0-0: Ball
1-0: Swinging Strike
1-1: Swinging Strike
1-2: Ball
2-2: Foul Ball, location: 2F
2-2: Foul Ball, location: 2F
2-2: Foul Ball, location: 2F
2-2: Foul Ball, location: 2F
2-2: Fly out, F9 (Flyball, 9LD, EV 110.6 MPH)
Top of the 5th over - 1 run, 2 hits, 0 errors, 3 left on base; Salt Lake City 1 - Tucson 1
BOTTOM OF THE 5TH
Tucson Tarantulas batting - Pitching for Salt Lake City Buzz : RHP Hideki Irabu
Batting: RHB Ray Holbert 0-0: Ball
1-0: Called Strike
1-1: Swinging Strike
1-2: Strikes out swinging
Batting: RHB Barry Wesson 0-0: Ball
1-0: Foul Ball, location: 2F
1-1: Foul Ball, location: 2F
1-2: Foul Ball, location: 2F
1-2: SINGLE (Groundball, 56D, EV 104.4 MPH)
Batting: SHB Manuel Lee 0-0: Ball
1-0: Called Strike
1-1: Fly out, F9 (Line Drive, 9, EV 88.1 MPH)
Batting: SHB Bip Roberts 0-0: Called Strike
0-1: Ball
1-1: Ball
2-1: Fly out, F6 (Popup, 6D, EV 70.0 MPH)
Bottom of the 5th over - 0 runs, 1 hit, 0 errors, 1 left on base; Salt Lake City 1 - Tucson 1
TOP OF THE 6TH
Salt Lake City Buzz batting - Pitching for Tucson Tarantulas : LHP Mark Langston
Batting: RHB Jose Oliva 0-0: Called Strike
0-1: Fly out, F7 (Flyball, 7LM, EV 104.4 MPH)
Batting: SHB Abraham O Nunez 0-0: Called Strike
0-1: Swinging Strike
0-2: Fly out, F8 (Flyball, 89S, EV 90.0 MPH)
Batting: RHB Charlie Greene 0-0: Called Strike
0-1: Ball
1-1: Called Strike
1-2: Ball
2-2: Strikes out looking
Top of the 6th over - 0 runs, 0 hits, 0 errors, 0 left on base; Salt Lake City 1 - Tucson 1
BOTTOM OF THE 6TH
Tucson Tarantulas batting - Pitching for Salt Lake City Buzz : RHP Hideki Irabu
Batting: RHB Andres Galarraga 0-0: Ball
1-0: Foul Ball, location: 2F
1-1: SINGLE (Groundball, 56D, EV 104.4 MPH)
Batting: SHB Mark Bellhorn 0-0: Foul Ball, location: 2F
0-1: Foul Ball, location: 2F
0-2: Strikes out swinging
Batting: RHB Jack Voigt 0-0: Ball
Andres Galarraga steals 2nd base
1-0: Foul Ball, location: 2F
1-1: Called Strike
1-2: Foul Ball, location: 2F
1-2: Ball
2-2: Ball
3-2: Foul Ball, location: 2F
3-2: Foul Ball, location: 2F
3-2: Base on Balls
Batting: RHB Dave McCarty 0-0: Ball
1-0: Swinging Strike
1-1: Swinging Strike
1-2: Ball
2-2: Foul Ball, location: 2F
2-2: Foul Ball, location: 2F
2-2: Ball
3-2: Ground out 5-3 (Groundball, 56S, EV 71.9 MPH)
Andres Galarraga to third
Jack Voigt to second
Batting: SHB Matt Walbeck 0-0: Swinging Strike
0-1: Foul Ball, location: 2F
0-2: Ball
1-2: Ball
2-2: Strikes out swinging
Bottom of the 6th over - 0 runs, 1 hit, 0 errors, 2 left on base; Salt Lake City 1 - Tucson 1
TOP OF THE 7TH
Salt Lake City Buzz batting - Pitching for Tucson Tarantulas : LHP Mark Langston
Pitching: RHP Stan Belinda
Batting: SHB Reggie B. Williams 0-0: Foul Ball, location: 2F
0-1: Fly out, F9 (Line Drive, 9, EV 88.8 MPH)
Batting: RHB Arquimedez Pozo 0-0: SINGLE (Groundball, 5D, EV 95.0 MPH)
Batting: RHB Emil Brown 0-0: Swinging Strike
0-1: Called Strike
Arquimedez Pozo steals 2nd base
0-2: Ball
1-2: Strikes out swinging
Batting: RHB Jerome Walton 0-0: Foul Ball, location: 2F
0-1: Foul Ball, location: 2F
0-2: Fly out, F8 (Line Drive, 8RD, EV 86.3 MPH)
Top of the 7th over - 0 runs, 1 hit, 0 errors, 1 left on base; Salt Lake City 1 - Tucson 1
BOTTOM OF THE 7TH
Tucson Tarantulas batting - Pitching for Salt Lake City Buzz : RHP Hideki Irabu
Pitching: RHP Donnie Elliott
Batting: RHB Ray Holbert 0-0: Called Strike
0-1: Called Strike
0-2: Ball
1-2: Ball
2-2: Ball
3-2: Fly out, F9 (Flyball, 9D, EV 104.4 MPH)
Batting: RHB Barry Wesson 0-0: Fly out, F8 (Flyball, 8LM, EV 88.8 MPH)
Batting: SHB Manuel Lee 0-0: Ball
1-0: SINGLE (Groundball, 4MD, EV 94.4 MPH)
Batting: SHB Bip Roberts 0-0: Fielders Choice at 2nd, 5-4 (Groundball, 5, EV 103.1 MPH)
Bottom of the 7th over - 0 runs, 1 hit, 0 errors, 1 left on base; Salt Lake City 1 - Tucson 1
TOP OF THE 8TH
Salt Lake City Buzz batting - Pitching for Tucson Tarantulas : RHP Stan Belinda
Batting: RHB Dave Staton 0-0: Ball
1-0: SINGLE (Line Drive, 34D, EV 96.9 MPH)
Batting: RHB Brian Johnson 0-0: Swinging Strike
0-1: Ball
1-1: SINGLE (Groundball, 6MD, EV 103.1 MPH)
Dave Staton to second
Runner from 2nd tries for 3rd, SAFE, throw by CF made to third
Batting: RHB Jose Oliva 0-0: Ball
1-0: Ball
2-0: Ground out 6-3 (Groundball, 56S, EV 83.1 MPH)
Brian Johnson to second
Batting: SHB Abraham O Nunez 0-0: Intentional Walk
Batting: RHB Charlie Greene 0-0: Ball
1-0: Ball
2-0: Ball
3-0: Foul Ball, location: 2F
3-1: Foul Ball, location: 2F
3-2: Foul Ball, location: 2F
3-2: Strikes out looking
Batting: SHB Reggie B. Williams 0-0: Ball
1-0: Called Strike
1-1: Ball
2-1: Foul Ball, location: 2F
2-2: Fly out, F9 (Flyball, 89M, EV 93.8 MPH)
Top of the 8th over - 0 runs, 2 hits, 0 errors, 3 left on base; Salt Lake City 1 - Tucson 1
BOTTOM OF THE 8TH
Tucson Tarantulas batting - Pitching for Salt Lake City Buzz : RHP Donnie Elliott
Batting: RHB Andres Galarraga 0-0: Ball
1-0: Fly out, F7 (Line Drive, 7S, EV 86.9 MPH)
Batting: SHB Mark Bellhorn 0-0: Swinging Strike
0-1: Foul Ball, location: 2F
0-2: Foul Ball, location: 2F
0-2: Strikes out swinging
Batting: RHB Jack Voigt 0-0: Ball
1-0: Foul Ball, location: 2F
1-1: Swinging Strike
1-2: Fly out, F3 (Popup, 3SF, EV 70.0 MPH)
Bottom of the 8th over - 0 runs, 0 hits, 0 errors, 0 left on base; Salt Lake City 1 - Tucson 1
TOP OF THE 9TH
Salt Lake City Buzz batting - Pitching for Tucson Tarantulas : RHP Stan Belinda
Batting: RHB Arquimedez Pozo 0-0: Ball
1-0: Ball
2-0: Swinging Strike
2-1: Swinging Strike
2-2: Reached on error, E9 (Line Drive, 9, EV 97.5 MPH)
Pitching: RHP Keith Foulke
Batting: RHB Emil Brown 0-0: Called Strike
0-1: Ball
1-1: Ball
2-1: Fly out, F6 (Flyball, 6D, EV 90.6 MPH)
Batting: RHB Jerome Walton 0-0: Intentional Walk
Batting: RHB Dave Staton 0-0: Ball
1-0: Fly out, F9 (Flyball, 9LS, EV 92.5 MPH)
Batting: RHB Brian Johnson 0-0: Single, Error in OF, E9, batter to second base (Line Drive, 89S, EV 105.6 MPH)
Arquimedez Pozo scores
Jerome Walton to third
Batting: RHB Jose Oliva 0-0: Ground out 6-3 (Groundball, 6S, EV 80.6 MPH)
Top of the 9th over - 1 run, 1 hit, 2 errors, 2 left on base; Salt Lake City 2 - Tucson 1
BOTTOM OF THE 9TH
Tucson Tarantulas batting - Pitching for Salt Lake City Buzz : RHP Donnie Elliott
Pitching: LHP Paul Spoljaric
Now at 2B: Shane Andrews
Batting: RHB Dave McCarty 0-0: Ball
1-0: Ball
2-0: Called Strike
2-1: Foul Ball, location: 2F
2-2: Ball
3-2: Base on Balls
Pinch Hitting: RHB Geronimo Berroa 0-0: Called Strike
0-1: Foul Ball, location: 2F
0-2: Strikes out swinging
Batting: RHB Ray Holbert 0-0: Ground out 5-3 (Groundball, 56S, EV 73.8 MPH)
Dave McCarty to second
Batting: RHB Barry Wesson 0-0: Swinging Strike
0-1: Ball
1-1: Swinging Strike
1-2: Foul Ball, location: 2F
1-2: Strikes out swinging
Bottom of the 9th over - 0 runs, 0 hits, 0 errors, 1 left on base; Salt Lake City 2 - Tucson 1
Thursday, February 5th, 2026 - OOTP Baseball 20.8 Build 74